[Event "ICC tourney 2501 (45 10)"]
[Site "Internet Chess Club"]
[Date "2021.04.10"]
[Round "4"]
[White "LIU, PATRICK PEIJUN:JunlinTheWorld"]
[Black "LIVNE, OREN:orenlivne"]
[Result "0-1"]
[ICCResult "White checkmated"]
[WhiteElo "1874"]
[BlackElo "2026"]
[Opening "Sicilian defense"]
[ECO "B34"]
[NIC "SI.33"]
[Time "18:31:48"]
[PlyCount "234"]
[TimeControl "2700+10"]

1. e4 c5 2. Nf3 Nc6 3. d4 cxd4 4. Nxd4 g6 5. Be3 Nf6 6. Nc3 Bg7 7. f3 O-O
8. Qd2 d5 9. O-O-O dxe4 10. Nxe4 Nxe4 11. Nxc6 Nxd2 12. Nxd8 Nxf1 13. Rhxf1
Bf6 14. Bc5 Bf5 15. g4 Bxc2 16. Kxc2 Rfxd8 17. Rxd8+ Rxd8 18. Be3 a6 19. f4
Rd5 20. b3 e6 21. Rd1 Rxd1 22. Kxd1 Kf8 23. Kd2 Ke7 24. Kd3 Kd6 25. h3 Kd5
26. Bf2 Be7 27. Bd4 Bd6 28. Be3 f6 29. Bc1 e5 30. fxe5 fxe5 31. Bb2 e4+ 32.
Ke3 Bc5+ 33. Ke2 Bd4 34. Bc1 Ke5 35. Bd2 Bg1 36. Ba5 Kd5 37. Bc3 b5 38. Kd2
Bd4 39. Ba5 Bc5 40. Bd8 Ke5 41. Ke2 Ba3 42. Ke3 Bc1+ 43. Ke2 Kd5 44. Bf6 a5
45. Be7 Bf4 46. Bf6 Kc5 47. Be7+ Kd4 48. Bf6+ Be5 49. Bh4 a4 50. Be1 Bf4
51. Bb4 axb3 52. axb3 Bc1 53. Be1 Ba3 54. Bd2 Bd6 55. Be1 Bf4 56. Bb4 Kd5
57. Ba3 Bd6 58. Bb2 Bb4 59. Ba1 Bc5 60. Bc3 Bd4 61. Bb4 Bb2 62. Ke3 Bc1+
63. Ke2 Kd4 64. Be1 Kc5 65. Bc3 Bg5 66. Kf2 Bc1 67. Ke2 Ba3 68. Ke3 Bb4 69.
Bb2 Kd5 70. Bf6 Be1 71. Bg7 Ba5 72. Bf6 Bb6+ 73. Ke2 Bd4 74. Bd8 Bc5 75.
Bf6 Ba3 76. Ke3 Bc1+ 77. Ke2 Bf4 78. Bd8 Kd4 79. Bf6+ Be5 80. Be7 Kc3 81.
Ke3 Kxb3 82. Kxe4 Bg7 83. h4 Kc4 84. h5 b4 85. hxg6 hxg6 86. Kf4 Bh6+ 87.
Ke5 Bg7+ 88. Kf4 b3 89. Ba3 Bf6 90. Bc1 Kd5 91. Ba3 Ke6 92. Bc1 b2 93. Bxb2
Bxb2 94. Kg5 Kf7 95. Kh6 Bc1+ 96. Kh7 Bg5 97. Kh8 Kf6 98. Kg8 Be3 99. Kf8
g5 100. Kg8 Bf2 101. Kh7 Bh4 102. Kh6 Ke5 103. Kg6 Kf4 104. Kh5 Kf3 105.
Kg6 Kxg4 106. Kf6 Kf4 107. Ke6 g4 108. Kd5 g3 109. Kc4 g2 110. Kd3 g1=Q
111. Kc3 Qb6 112. Kc4 Ke4 113. Kc3 Qc5+ 114. Kb3 Kd3 115. Kb2 Qb4+ 116. Kc1
Bg5+ 117. Kd1 Qb1# { White checkmated } 0-1

[Event "ICC tourney 2501 (45 10)"]
[Site "Internet Chess Club"]
[Date "2021.04.10"]
[Round "4"]
[White "XUE, JERRY Q:JQX2019"]
[Black "Qiao, Ethan:CougarForest"]
[Result "1-0"]
[ICCResult "Black resigns"]
[WhiteElo "1943"]
[BlackElo "1528"]
[Opening "Grünfeld: Three knights variation"]
[ECO "D90"]
[NIC "GI.07"]
[Time "18:31:42"]
[PlyCount "109"]
[TimeControl "2700+10"]

1. d4 Nf6 2. c4 g6 3. Nc3 d5 4. Nf3 Bg7 5. h4 c6 6. cxd5 Nxd5 7. Bd2 Nxc3
8. Bxc3 Be6 9. e4 Qc7 10. a4 Nd7 11. Ng5 Qd6 12. Nxe6 Qxe6 13. Bd3 Nf6 14.
Qe2 O-O-O 15. Rc1 Kb8 16. Rh3 Nh5 17. Bc4 Qd7 18. Rf3 Bxd4 19. Bxd4 Qxd4
20. Rxf7 Rd7 21. Rd1 Qxd1+ 22. Qxd1 Rxd1+ 23. Kxd1 Rd8+ 24. Kc2 Rd4 25. Bd3
e5 26. g3 Rd6 27. Rxh7 Rf6 28. Re7 Rxf2+ 29. Kc3 Nxg3 30. Rxe5 Ne2+ 31.
Bxe2 Rxe2 32. Re6 Rh2 33. Rxg6 Rxh4 34. Re6 Kc7 35. Re7+ Kb6 36. b4 c5 37.
Re6+ Kc7 38. bxc5 Rh5 39. Kc4 b6 40. cxb6+ axb6 41. e5 Kd7 42. Rd6+ Kc7 43.
Kd5 Rh2 44. Rc6+ Kd7 45. e6+ Ke7 46. Rxb6 Rd2+ 47. Kc5 Rc2+ 48. Kb5 Rb2+
49. Ka6 Ra2 50. a5 Rc2 51. Kb7 Rg2 52. a6 Rg7 53. a7 Kf6+ 54. Ka6 Rg2 55.
a8=Q { Black resigns } 1-0

[Event "ICC tourney 2501 (45 10)"]
[Site "Internet Chess Club"]
[Date "2021.04.10"]
[Round "4"]
[White "ZHANG, MULAN JIEMIN:Mulan2009"]
[Black "WU, WILLIAM:chessw23"]
[Result "0-1"]
[ICCResult "White forfeits on time"]
[WhiteElo "1667"]
[BlackElo "1938"]
[Opening "Evans gambit: Waller attack"]
[ECO "C52"]
[NIC "IG.05"]
[Time "18:31:56"]
[PlyCount "66"]
[TimeControl "2700+10"]

1. e4 e5 2. Nf3 Nc6 3. Bc4 Bc5 4. b4 Bxb4 5. c3 Ba5 6. d4 exd4 7. O-O d6 8.
Qb3 Qe7 9. e5 dxe5 10. Ba3 Qf6 11. Re1 Bd7 12. Bb5 O-O-O 13. Bxc6 Bxc6 14.
Rxe5 Bb6 15. Nbd2 dxc3 16. Nc4 Bxf3 17. gxf3 Qxf3 18. Nxb6+ axb6 19. Re3
Qg4+ 20. Rg3 Qd4 21. Rxc3 Nf6 22. Rac1 Rd7 23. Bb2 Qd6 24. Qa4 Kb8 25. Ra3
c5 26. Qa8+ Kc7 27. Qxh8 Rd8 28. Qxg7 Rg8 29. Bxf6 Rxg7+ 30. Bxg7 Qe6 31.
Rf1 h5 32. f4 h4 33. Be5+ Kc6 { White forfeits on time } 0-1

[Event "ICC tourney 2501 (45 10)"]
[Site "Internet Chess Club"]
[Date "2021.04.10"]
[Round "4"]
[White "AHMED, SYED IBRAHIM:mr-sosa"]
[Black "FANG, JADEN:SaltyCarrot777"]
[Result "0-1"]
[ICCResult "White resigns"]
[WhiteElo "2086"]
[BlackElo "2009"]
[Opening "Nimzo-Indian: Fischer variation"]
[ECO "E43"]
[NIC "NI.12"]
[Time "18:31:46"]
[PlyCount "124"]
[TimeControl "2700+10"]

1. d4 Nf6 2. c4 e6 3. Nc3 Bb4 4. e3 b6 5. Bd3 Bb7 6. Nf3 O-O 7. O-O Bxc3 8.
bxc3 Ne4 9. Qc2 f5 10. Nd2 Qh4 11. f3 Nd6 12. Ba3 Rf6 13. Rf2 Rh6 14. g3
Qg5 15. e4 f4 16. Nf1 Nc6 17. Bc1 Rf8 18. Rg2 Qh5 19. Bxf4 Rxf4 20. gxf4
Qxf3 21. d5 Ne7 22. Rf2 Rg6+ 23. Ng3 Rxg3+ 24. hxg3 Qxg3+ 25. Rg2 Qe3+ 26.
Kf1 Ng6 27. Qe2 Qh3 28. Qd2 Qh1+ 29. Kf2 Qh4+ 30. Kf3 Qh3+ 31. Kf2 Qh4+ 32.
Kg1 Nxf4 33. Rd1 Nxg2 34. Qxg2 e5 35. Qf3 Qg5+ 36. Kf2 Qh4+ 37. Ke2 Qh2+
38. Qf2 Qxf2+ 39. Kxf2 g5 40. Kg3 Kg7 41. Rh1 Ba6 42. Kg4 Kg6 43. Rf1 Nf7
44. Kg3 h5 45. Rf5 c6 46. Be2 Nd6 47. Rxe5 Kf6 48. dxc6 dxc6 49. c5 Kxe5
50. cxd6 Bc8 51. Bxh5 Kxd6 52. Bg6 Ke5 53. Kf3 a5 54. Be8 c5 55. Bc6 Be6
56. a4 g4+ 57. Kg3 c4 58. Bb7 Bd7 59. Bd5 b5 60. axb5 Bxb5 61. Kxg4 a4 62.
Kf3 a3 { White resigns } 0-1

[Event "ICC tourney 2501 (45 10)"]
[Site "Internet Chess Club"]
[Date "2021.04.10"]
[Round "4"]
[White "Wang, Luke:HostilePear"]
[Black "KERR, JOSHUA MORGAN:AbleCompany"]
[Result "0-1"]
[ICCResult "White checkmated"]
[WhiteElo "1969"]
[BlackElo "1568"]
[Opening "Catalan: closed, 5.Nf3"]
[ECO "E06"]
[NIC "CA.05"]
[Time "18:31:43"]
[PlyCount "144"]
[TimeControl "2700+10"]

1. c4 e6 2. g3 d5 3. Bg2 Nf6 4. Nf3 Be7 5. d4 O-O 6. O-O dxc4 7. Qc2 a6 8.
Qxc4 b5 9. Qc2 Bb7 10. Nbd2 Nbd7 11. Nb3 Rc8 12. Bg5 Be4 13. Qd1 c5 14. Rc1
c4 15. Nbd2 Ba8 16. Re1 Ne4 17. Bxe7 Qxe7 18. Nxe4 Bxe4 19. Nd2 Bxg2 20.
Kxg2 e5 21. Nf1 e4 22. Ne3 Nb6 23. a3 Rfd8 24. Qd2 Nd5 25. Red1 Nxe3+ 26.
Qxe3 Rd5 27. Qc3 Re8 28. e3 Qf6 29. Kg1 Qf3 30. Qe1 h5 31. Qf1 Re6 32. Rd2
h4 33. Qg2 Qh5 34. g4 Qg6 35. h3 Rg5 36. f4 exf3 37. Qxf3 f5 38. Rg2 fxg4
39. hxg4 Qe4 40. Qxe4 Rxe4 41. Kf2 Rexg4 42. Rxg4 Rxg4 43. d5 Kf7 44. Kf3
Rg3+ 45. Kf4 g5+ 46. Ke4 h3 47. Rf1+ Ke7 48. d6+ Kxd6 49. Rf6+ Kc5 50. Rxa6
Rg2 51. Rh6 h2 52. Rh5 Kc6 53. Rh6+ Kc5 54. Rh5 Kb6 55. Rh6+ Ka5 56. Kd5
Rxb2 57. e4 g4 58. e5 g3 59. e6 Rb1 60. e7 Re1 61. Kc5 Rxe7 62. Rh8 Ka4 63.
Ra8+ Kb3 64. Ra5 h1=Q 65. Rxb5+ Kc3 66. Rb3+ Kxb3 67. a4 Qe4 68. a5 Re5+
69. Kb6 Qd5 70. Ka6 Re6+ 71. Ka7 Qd7+ 72. Ka8 Re8# { White checkmated } 0-1

[Event "ICC tourney 2501 (45 10)"]
[Site "Internet Chess Club"]
[Date "2021.04.10"]
[Round "4"]
[White "PULLELA, SRICHARAN:Sricharan07"]
[Black "JIANG, LUCAS:xx99754539"]
[Result "1-0"]
[ICCResult "Black forfeits on time"]
[WhiteElo "1853"]
[BlackElo "1908"]
[Opening "King's Indian: London system"]
[ECO "A48"]
[NIC "QP.03"]
[Time "18:31:48"]
[PlyCount "81"]
[TimeControl "2700+10"]

1. d4 Nf6 2. Nf3 g6 3. Bf4 Bg7 4. e3 d5 5. h3 c5 6. c3 O-O 7. Nbd2 Nc6 8.
Be2 Nd7 9. O-O e5 10. dxe5 Ndxe5 11. Nxe5 Nxe5 12. Nf3 Nc6 13. Qb3 Na5 14.
Qc2 Be6 15. Rfd1 Qb6 16. Be5 Rfd8 17. Bxg7 Kxg7 18. b3 Qc7 19. Rd2 Qe7 20.
Rad1 Nc6 21. Nh2 Rac8 22. Bf3 Qg5 23. Kh1 Kg8 24. Qb2 b5 25. Be2 a6 26. Nf3
Qf6 27. Bf1 h5 28. Kg1 Ne7 29. b4 Nf5 30. bxc5 Rxc5 31. Nd4 Nd6 32. Qa3 Ne4
33. Rc2 Rdc8 34. f3 Nxc3 35. Rdc1 b4 36. Qxb4 Nxa2 37. Qa3 Rxc2 38. Rxc2
Rxc2 39. Nxc2 Nc3 40. Qxa6 Qe5 41. Qd3 { Black forfeits on time } 1-0

[Event "ICC tourney 2501 (45 10)"]
[Site "Internet Chess Club"]
[Date "2021.04.10"]
[Round "4"]
[White "YE, LUKE SICONG:lukeye"]
[Black "SLADE, THEODORE LUKE:MrNormalName"]
[Result "1/2-1/2"]
[ICCResult "Game drawn by repetition"]
[WhiteElo "2067"]
[BlackElo "2163"]
[Opening "Four knights: Scotch, 4...exd4"]
[ECO "C47"]
[NIC "SO.03"]
[Time "18:31:54"]
[PlyCount "111"]
[TimeControl "2700+10"]

1. e4 e5 2. Nf3 Nc6 3. Nc3 Nf6 4. d4 exd4 5. Nxd4 Bb4 6. Nxc6 bxc6 7. Bd3
d5 8. exd5 O-O 9. O-O cxd5 10. Bg5 c6 11. Qf3 Bd6 12. Rfe1 Rb8 13. b3 h6
14. Bxf6 Qxf6 15. Qxf6 gxf6 16. Ne2 Be5 17. Rad1 Be6 18. h3 a5 19. a4 Rfd8
20. f4 Bd6 21. Ng3 Bxf4 22. Nh5 Be5 23. Rf1 c5 24. Nxf6+ Bxf6 25. Rxf6 c4
26. Be2 cxb3 27. cxb3 d4 28. Bb5 Bxb3 29. Rd3 Bc2 30. Rg3+ Kf8 31. Bc4 Rb7
32. Rxh6 Bxa4 33. Rh8+ Ke7 34. Rxd8 Kxd8 35. Rg5 Rb1+ 36. Kf2 Rb2+ 37. Ke1
Bc6 38. Rxa5 Bxg2 39. Ra3 f5 40. Rd3 Ke7 41. Rxd4 Bxh3 42. Bd5 Kf6 43. Rd2
Rb1+ 44. Kf2 Ke5 45. Bg2 Bg4 46. Bf3 Bh3 47. Bg2 Bxg2 48. Kxg2 Ke4 49. Ra2
Rb3 50. Kf2 f4 51. Ra4+ Kf5 52. Ra8 Rb2+ 53. Kf3 Rb3+ 54. Kf2 Rb5 55. Kf3
Rb3+ 56. Kf2 { Game drawn by repetition } 1/2-1/2

[Event "ICC tourney 2501 (45 10)"]
[Site "Internet Chess Club"]
[Date "2021.04.10"]
[Round "4"]
[White "SAMANT, NEIL:checkninja"]
[Black "BOOKS, MUSKEE:musk6868"]
[Result "1/2-1/2"]
[ICCResult "White stalemated"]
[WhiteElo "1991"]
[BlackElo "2039"]
[Opening "Sicilian defense"]
[ECO "B40"]
[NIC "SI.43"]
[Time "18:31:55"]
[PlyCount "214"]
[TimeControl "2700+10"]

1. e4 c5 2. Nf3 e6 3. g3 Nc6 4. Bg2 d5 5. exd5 exd5 6. d4 Nf6 7. O-O Be7 8.
Nc3 O-O 9. h3 Be6 10. Be3 cxd4 11. Nxd4 Ne5 12. Qe2 Nc4 13. Nxe6 fxe6 14.
Bd4 Qd7 15. Rfe1 Kf7 16. b3 Nb6 17. Qb5 Rac8 18. Re2 Rc6 19. Rae1 Bd8 20.
Qd3 Kg8 21. h4 Qf7 22. Bh3 Re8 23. Be5 a6 24. Nb1 Nbd7 25. Bd4 Ba5 26. c3
Ne4 27. b4 Bc7 28. f4 Ndf6 29. Nd2 Bb6 30. Nxe4 Nxe4 31. Bxb6 Rxb6 32. Bg2
Nf6 33. f5 Rc6 34. fxe6 Rcxe6 35. Rxe6 Rxe6 36. Rd1 Re5 37. Qd4 Qc7 38. g4
h6 39. Rf1 Qe7 40. c4 dxc4 41. Qxc4+ Kh7 42. Qc2+ g6 43. Qf2 Nxg4 44. Qf7+
Qxf7 45. Rxf7+ Kg8 46. Rxb7 Re1+ 47. Bf1 Ra1 48. Rb6 Ne3 49. Rf6 Kg7 50.
Rf3 Nxf1 51. Rxf1 Rxa2 52. Rb1 Ra4 53. Kg2 h5 54. Kg3 Ra3+ 55. Kg2 Ra4 56.
Kg3 Kf6 57. b5 Rg4+ 58. Kh3 axb5 59. Rxb5 Re4 60. Rb3 Kf5 61. Rg3 Re6 62.
Rf3+ Ke4 63. Kg3 Rd6 64. Rf4+ Ke5 65. Rf3 Rd4 66. Re3+ Re4 67. Ra3 Rg4+ 68.
Kh3 Rg1 69. Kh2 Re1 70. Ra6 Kf5 71. Kg3 Re3+ 72. Kg2 Rb3 73. Ra5+ Kf6 74.
Ra6+ Kg7 75. Ra7+ Kh6 76. Ra6 Rc3 77. Rb6 Rc4 78. Kg3 Rg4+ 79. Kh3 Kg7 80.
Rb7+ Kf6 81. Rb6+ Ke5 82. Rb8 Rd4 83. Re8+ Kf4 84. Rf8+ Ke3 85. Rg8 Rd6 86.
Kg3 Ke4 87. Re8+ Kf5 88. Rf8+ Ke5 89. Re8+ Re6 90. Rxe6+ Kxe6 91. Kf4 Kf6
92. Ke4 Ke6 93. Kf4 Ke7 94. Kg5 Kf7 95. Kf4 Kg7 96. Kg5 Kh7 97. Kf4 Kh6 98.
Ke4 g5 99. hxg5+ Kxg5 100. Kf3 Kh4 101. Kg2 Kg4 102. Kh2 h4 103. Kh1 Kh3
104. Kg1 Kg3 105. Kh1 h3 106. Kg1 h2+ 107. Kh1 Kh3 { White stalemated }
1/2-1/2

[Event "ICC tourney 2501 (45 10)"]
[Site "Internet Chess Club"]
[Date "2021.04.10"]
[Round "5"]
[White "JIANG, LEYOU:karuto2006"]
[Black "YE, LUKE SICONG:lukeye"]
[Result "0-1"]
[ICCResult "White checkmated"]
[WhiteElo "1891"]
[BlackElo "2067"]
[Opening "Sicilian: Scheveningen, English variation"]
[ECO "B90"]
[NIC "SI.14"]
[Time "20:56:17"]
[PlyCount "38"]
[TimeControl "2700+10"]

1. e4 c5 2. Nf3 d6 3. d4 cxd4 4. Nxd4 Nf6 5. Nc3 a6 6. Be3 e6 7. Qd2 Be7 8.
f3 h5 9. O-O-O b5 10. Kb1 Bb7 11. Be2 Nbd7 12. h3 b4 13. Na4 d5 14. g4 Qa5
15. b3 dxe4 16. g5 Nd5 17. g6 N7b6 18. Nxb6 Nc3+ 19. Kc1 Qa3# { White
checkmated } 0-1

[Event "ICC tourney 2501 (45 10)"]
[Site "Internet Chess Club"]
[Date "2021.04.10"]
[Round "5"]
[White "ZENG, ELBERT:investigator"]
[Black "POTHURI, ABHIRAM:chessasp"]
[Result "1-0"]
[ICCResult "Black checkmated"]
[WhiteElo "2123"]
[BlackElo "1980"]
[Opening "English: symmetrical variation"]
[ECO "A38"]
[NIC "EO.26"]
[Time "20:54:57"]
[PlyCount "69"]
[TimeControl "2700+10"]

1. Nf3 c5 2. c4 Nc6 3. g3 g6 4. Bg2 Bg7 5. Nc3 Nf6 6. d4 cxd4 7. Nxd4 O-O
8. O-O a6 9. c5 Qc7 10. Nb3 Rd8 11. Bf4 e5 12. Bg5 Ne7 13. Qd6 Qxd6 14.
cxd6 Nf5 15. Nd5 Nxd5 16. Bxd8 Nf6 17. Rfd1 Ne8 18. Rac1 Nfxd6 19. Nc5 Nf5
20. Na4 Nd4 21. Nb6 Nxe2+ 22. Kf1 Nxc1 23. Nxa8 d6 24. Rxc1 Be6 25. Nc7 Bh6
26. Rd1 Bc4+ 27. Kg1 Ng7 28. b3 Be2 29. Rxd6 Nf5 30. Rd7 Nd4 31. Be7 f5 32.
Bd5+ Kg7 33. Ne8+ Kh8 34. Bf6+ Bg7 35. Bxg7# { Black checkmated } 1-0

[Event "ICC tourney 2501 (45 10)"]
[Site "Internet Chess Club"]
[Date "2021.04.10"]
[Round "5"]
[White "SHEEHAN, ETHAN THOMAS:Chessking2008"]
[Black "KIRYUKHIN, ARTEM:Feugon"]
[Result "1/2-1/2"]
[ICCResult "Game drawn by repetition"]
[WhiteElo "2220"]
[BlackElo "1988"]
[Opening "Dutch defense"]
[ECO "A84"]
[NIC "HD.10"]
[Time "20:54:17"]
[PlyCount "112"]
[TimeControl "2700+10"]

1. d4 f5 2. c4 Nc6 3. Nf3 d6 4. Nc3 e5 5. dxe5 Nxe5 6. Nxe5 dxe5 7. Qxd8+
Kxd8 8. Bg5+ Be7 9. O-O-O+ Bd7 10. Bxe7+ Nxe7 11. g3 c6 12. e3 Kc7 13. Be2
Be6 14. Rd2 Rad8 15. Rhd1 Rxd2 16. Rxd2 Rd8 17. Rxd8 Kxd8 18. f4 exf4 19.
exf4 Kc7 20. Kd2 Nc8 21. c5 Ne7 22. Ke3 Nd5+ 23. Nxd5+ Bxd5 24. a3 Kd7 25.
Kd4 Ke6 26. b4 h6 27. h4 Kf6 28. b5 g6 29. b6 axb6 30. cxb6 Ke6 31. Kc5 Kd7
32. a4 Kc8 33. Kd6 Bb3 34. a5 h5 35. a6 Kb8 36. a7+ Ka8 37. Bf3 Ba4 38. Ke7
Bc2 39. Kf6 Be4 40. Be2 c5 41. Kxg6 Bc2 42. Kf6 c4 43. Bxc4 Bd3 44. Bd5 Be4
45. Bf7 Bd5 46. Bxh5 Bf7 47. Bd1 Bh5 48. Ba4 Be8 49. h5 Bxh5 50. Kxf5 Be8
51. Bd1 Bh5 52. Ba4 Be8 53. Bb3 Bf7 54. Ba4 Be8 55. Bd1 Bh5 56. Ba4 Be8 {
Game drawn by repetition } 1/2-1/2

[Event "ICC tourney 2501 (45 10)"]
[Site "Internet Chess Club"]
[Date "2021.04.10"]
[Round "5"]
[White "OPASKA, MICHAEL:mopaska1106"]
[Black "QIN, VINCENT:VQinchess"]
[Result "0-1"]
[ICCResult "White checkmated"]
[WhiteElo "1908"]
[BlackElo "1855"]
[Opening "King's Indian: Torre attack"]
[ECO "A48"]
[NIC "QP.01"]
[Time "20:54:17"]
[PlyCount "76"]
[TimeControl "2700+10"]

1. d4 Nf6 2. Nf3 g6 3. Bg5 Bg7 4. Nbd2 O-O 5. e4 d6 6. Bd3 Nbd7 7. O-O e5
8. c3 h6 9. Bh4 g5 10. Nxg5 hxg5 11. Bxg5 Qe8 12. f4 Nh7 13. Bh4 exd4 14.
cxd4 Bxd4+ 15. Kh1 Bxb2 16. e5 Bxa1 17. Bxh7+ Kxh7 18. Qh5+ Kg7 19. Rf3
Nxe5 20. fxe5 Qxe5 21. Rg3+ Qxg3 22. hxg3 Be6 23. Qg5+ Kh7 24. Ne4 f6 25.
Qf4 Be5 26. Qf3 Kg7 27. Nf2 Rae8 28. Ng4 c6 29. Ne3 Kf7 30. Nf5 Bxf5 31.
Qxf5 Rh8 32. Kg1 d5 33. Kf2 Bd4+ 34. Kf1 Re6 35. a4 a5 36. Qb1 Rh5 37.
Qxb7+ Kg6 38. Qc8 Rf5# { White checkmated } 0-1

[Event "ICC tourney 2501 (45 10)"]
[Site "Internet Chess Club"]
[Date "2021.04.10"]
[Round "5"]
[White "YANG, ANDY:lemonoosa"]
[Black "FANG, JADEN:SaltyCarrot777"]
[Result "0-1"]
[ICCResult "White resigns"]
[WhiteElo "2080"]
[BlackElo "2009"]
[Opening "Queen's pawn: London system"]
[ECO "A45"]
[NIC "QP.07"]
[Time "20:54:17"]
[PlyCount "84"]
[TimeControl "2700+10"]

1. d4 Nf6 2. Bf4 d5 3. e3 e6 4. Nf3 Bd6 5. Bg3 c5 6. c3 Qc7 7. Ne5 Nbd7 8.
f4 Ne4 9. Bd3 b6 10. Nd2 Bb7 11. Bxe4 dxe4 12. O-O O-O 13. Qa4 Nf6 14. Ndc4
Be7 15. f5 Qc8 16. fxe6 Qxe6 17. Bh4 a6 18. Qc2 b5 19. Nd2 Nd5 20. Bxe7
Nxe3 21. Qb3 Qxe7 22. Rfe1 Bd5 23. Rxe3 Bxb3 24. Nxb3 f6 25. Nf3 c4 26. Nc5
f5 27. Rae1 Qd6 28. Ne5 b4 29. Nxc4 Qe7 30. cxb4 Rfd8 31. Ne5 Rac8 32. Rd1
a5 33. a3 axb4 34. axb4 Rd5 35. Rc3 Qxe5 36. dxe5 Rxd1+ 37. Kf2 Rd2+ 38.
Ke3 Rxg2 39. Nxe4 Rxc3+ 40. Nxc3 Rxb2 41. Kf4 Rxb4+ 42. Kxf5 Rh4 { White
resigns } 0-1

[Event "ICC tourney 2501 (45 10)"]
[Site "Internet Chess Club"]
[Date "2021.04.10"]
[Round "5"]
[White "QUIRKE, JEFFREY L:PawnEatingZombi"]
[Black "YERRAJENNU, SISIRA S:ybabji"]
[Result "0-1"]
[ICCResult "White resigns"]
[WhiteElo "2201"]
[BlackElo "1931"]
[Opening "QGD: exchange, positional line"]
[ECO "D35"]
[NIC "QO.16"]
[Time "20:57:43"]
[PlyCount "60"]
[TimeControl "2700+10"]

1. d4 d5 2. c4 e6 3. Nc3 Nf6 4. cxd5 exd5 5. Bg5 Be7 6. e3 Nbd7 7. Bd3 c6
8. Qc2 h6 9. Bh4 Nh5 10. Bxe7 Qxe7 11. O-O-O Nhf6 12. Kb1 Nb6 13. Rc1 Be6
14. Nf3 Qd6 15. h3 Nc4 16. Bxc4 dxc4 17. e4 Qc7 18. d5 cxd5 19. exd5 Nxd5
20. Nxd5 Bxd5 21. Rhe1+ Kf8 22. Ne5 Re8 23. Qc3 Kg8 24. Qd4 Bxg2 25. Rxc4
Qa5 26. Re3 Bxh3 27. Nc6 Qf5+ 28. Kc1 Rxe3 29. Qxe3 bxc6 30. Rf4 Qg5 {
White resigns } 0-1

[Event "ICC tourney 2501 (45 10)"]
[Site "Internet Chess Club"]
[Date "2021.04.10"]
[Round "5"]
[White "LIN, LEO FANYUE:Leolix"]
[Black "REMPE, JONAS JAKOB RAZA:Drachekokosnuss"]
[Result "1-0"]
[ICCResult "Black checkmated"]
[WhiteElo "2027"]
[BlackElo "2100"]
[Opening "Queen's pawn: London system"]
[ECO "A45"]
[NIC "QP.07"]
[Time "20:58:55"]
[PlyCount "59"]
[TimeControl "2700+10"]

1. d4 Nf6 2. Bf4 g6 3. Nc3 Bg7 4. e4 d6 5. Qd2 O-O 6. O-O-O Nbd7 7. Nf3 c5
8. dxc5 Nxc5 9. e5 Nfe4 10. Nxe4 Nxe4 11. Qe3 d5 12. Bd3 Qa5 13. Kb1 Nc5
14. Be2 e6 15. Bh6 Qb6 16. Rd4 Qc7 17. Bxg7 Kxg7 18. Rh4 h5 19. g4 Qb6 20.
gxh5 Ne4 21. Rg1 Nxf2 22. Qg5 Qd8 23. Qg2 Ne4 24. hxg6 Nd2+ 25. Nxd2 Qxh4
26. gxf7+ Kxf7 27. Qg7+ Ke8 28. Bb5+ Kd8 29. Qxf8+ Kc7 30. Qd6# { Black
checkmated } 1-0

[Event "ICC tourney 2501 (45 10)"]
[Site "Internet Chess Club"]
[Date "2021.04.10"]
[Round "5"]
[White "KERR, JOSHUA MORGAN:AbleCompany"]
[Black "AHMED, SYED IBRAHIM:mr-sosa"]
[Result "0-1"]
[ICCResult "White resigns"]
[WhiteElo "1568"]
[BlackElo "2086"]
[Opening "QGD semi-Slav: Meran variation"]
[ECO "D47"]
[NIC "SL.09"]
[Time "20:54:17"]
[PlyCount "115"]
[TimeControl "2700+10"]

1. d4 d5 2. c4 c6 3. Nf3 Nf6 4. e3 e6 5. Nc3 Nbd7 6. Bd3 dxc4 7. Bxc4 b5 8.
Bd3 Bd6 9. e4 e5 10. O-O O-O 11. Bg5 Bb7 12. d5 b4 13. dxc6 Bxc6 14. Nd5
Bxd5 15. exd5 h6 16. Bh4 Qb6 17. Bf5 g6 18. Bh3 g5 19. Bxd7 Nxd7 20. Bg3 f5
21. h3 f4 22. Bh2 Bc5 23. Rc1 e4 24. Nd2 e3 25. fxe3 fxe3 26. Qh5 exd2+ 27.
Kh1 dxc1=Q 28. Rxc1 Rf2 29. d6 Kg7 30. Re1 Be3 31. Bg3 Rf7 32. Qg4 Raf8 33.
Qe2 Qd4 34. Qxe3 Qxe3 35. Rxe3 Nb6 36. Re4 Rd7 37. Rxb4 Nc8 38. Be5+ Kg6
39. Rb8 Rf1+ 40. Kh2 Nxd6 41. Rg8+ Kf7 42. Rg7+ Ke6 43. Bc3 Rxg7 44. Bxg7
Nf5 45. Bc3 h5 46. g4 hxg4 47. hxg4 Nh4 48. a3 Kd5 49. Kg3 Ke4 50. Bg7 Rf3+
51. Kh2 Rf2+ 52. Kg3 Rg2+ 53. Kh3 Kf3 54. Bf6 Rxg4 55. b4 Rg3+ 56. Kh2 Rg2+
57. Kh3 Ng6 58. a4 { White resigns } 0-1

[Event "ICC tourney 2501 (45 10)"]
[Site "Internet Chess Club"]
[Date "2021.04.10"]
[Round "5"]
[White "MARKOVIC, GORAN:Goran21"]
[Black "Vittal, Sanjana:MCTS13"]
[Result "1-0"]
[ICCResult "Black resigns"]
[WhiteElo "1989"]
[BlackElo "2206"]
[Opening "English opening"]
[ECO "A20"]
[NIC "EO.25"]
[Time "20:54:17"]
[PlyCount "135"]
[TimeControl "2700+10"]

1. c4 e5 2. b3 Nc6 3. Bb2 Bc5 4. e3 a6 5. Nf3 d6 6. d4 exd4 7. exd4 Bb4+ 8.
Nbd2 Nf6 9. d5 Nb8 10. Be2 O-O 11. O-O Bf5 12. Nh4 Bg6 13. Nxg6 hxg6 14. a3
Bc5 15. Bd3 Nbd7 16. b4 Ba7 17. Kh1 Re8 18. Qf3 Ne5 19. Bxe5 Rxe5 20. Rae1
Qe7 21. Rxe5 Qxe5 22. Qd1 Re8 23. Nf3 Qc3 24. Ng5 Qxa3 25. Qf3 Qxb4 26. g4
Qd2 27. h4 Re7 28. Kg2 Nd7 29. Ne4 Qh6 30. g5 Qh5 31. Qf4 Ne5 32. Ng3 Nxd3
33. Qd2 Qg4 34. Qxd3 Qd4 35. Qf3 Re5 36. h5 Rxg5 37. hxg6 Rxg6 38. Re1 Qf6
39. Re8+ Kh7 40. Qh5+ Rh6 41. Qe2 Bd4 42. Qe4+ g6 43. f4 Bb6 44. Rf8 Qg7
45. Qe7 Qb2+ 46. Ne2 Qg7 47. Rxf7 Qxf7 48. Qxf7+ Kh8 49. Ng3 a5 50. Ne4 Bd4
51. Nf6 Bxf6 52. Qxf6+ Kg8 53. Qd8+ Kg7 54. Qxc7+ Kg8 55. Qxa5 Rh7 56. Qd8+
Kg7 57. Qxd6 Kh6 58. Qf8+ Kh5 59. Kg3 b5 60. Qf6 Kh6 61. cxb5 Rd7 62. f5
Rg7 63. Qxg7+ Kxg7 64. fxg6 Kxg6 65. b6 Kf7 66. b7 Ke7 67. b8=Q Kd7 68. Qb6
{ Black resigns } 1-0

[Event "ICC tourney 2501 (45 10)"]
[Site "Internet Chess Club"]
[Date "2021.04.10"]
[Round "5"]
[White "CHAN, MATTHEW M:mmchan"]
[Black "WANG, ALEXANDER J:ickyquarter"]
[Result "0-1"]
[ICCResult "White resigns"]
[WhiteElo "1925"]
[BlackElo "2077"]
[Opening "Sicilian: dragon variation"]
[ECO "B70"]
[NIC "SI.15"]
[Time "20:54:14"]
[PlyCount "86"]
[TimeControl "2700+10"]

1. e4 c5 2. Nf3 d6 3. d4 cxd4 4. Nxd4 Nf6 5. Nc3 g6 6. g3 Bg7 7. Bg2 O-O 8.
O-O Nc6 9. Nxc6 bxc6 10. e5 dxe5 11. Bxc6 Rb8 12. Bf3 Bf5 13. Qe2 Nd7 14.
Bg4 Bxg4 15. Qxg4 e6 16. Rb1 Qc7 17. Bd2 Nb6 18. b3 Rfd8 19. Qe2 Rbc8 20.
Be1 Nd5 21. Nxd5 exd5 22. Rc1 e4 23. c3 d4 24. Qxe4 dxc3 25. Rc2 Rd1 26.
Qf3 Qd7 27. Bxc3 Rd3 28. Rd2 Rxd2 29. Bxd2 Qxd2 30. Qb7 Rc2 31. Qxa7 Bd4
32. Qa8+ Kg7 33. Qf3 Rxa2 34. Rd1 Qxf2+ 35. Qxf2 Bxf2+ 36. Kg2 Bc5+ 37. Kh3
Rb2 38. Rd3 Bg1 39. Kg4 Bxh2 40. Rc3 Bg1 41. Rf3 f5+ 42. Kf4 Bb6 43. g4
Bc7+ { White resigns } 0-1

[Event "ICC tourney 2501 (45 10)"]
[Site "Internet Chess Club"]
[Date "2021.04.10"]
[Round "5"]
[White "SRINIVASAN, HEMANT:Blixiron"]
[Black "GAO, MARVIN:kaiclc"]
[Result "1/2-1/2"]
[ICCResult "Game drawn by mutual agreement"]
[WhiteElo "2073"]
[BlackElo "2023"]
[Opening "Benkö gambit accepted"]
[ECO "A58"]
[NIC "BI.45"]
[Time "20:55:17"]
[PlyCount "54"]
[TimeControl "2700+10"]

1. d4 Nf6 2. c4 c5 3. d5 b5 4. cxb5 a6 5. bxa6 g6 6. Nc3 Bg7 7. e4 O-O 8.
f4 d6 9. Nf3 Qa5 10. Bd2 Bxa6 11. Bxa6 Qxa6 12. Qc2 Nbd7 13. h3 Rfb8 14.
Kf2 c4 15. Rab1 Nc5 16. g4 Nd3+ 17. Kg3 Qb6 18. Rh2 Nb4 19. Qd1 Nxa2 20.
Qe2 Nxc3 21. Bxc3 h5 22. Bxf6 Bxf6 23. e5 dxe5 24. fxe5 h4+ 25. Kg2 Bg7 26.
Qxc4 Qb5 27. Qxb5 Rxb5 { Game drawn by mutual agreement } 1/2-1/2